 Dungeon Crawl Stone Soup version 0.18-a0-965-g9200175 (webtiles) character file.

36 Ishamoridin the Insei (level 3, -4/28 HPs)
             Began as a Vampire Monk on Jan 1, 2016.
             Was a Believer of Ashenzari.
             Slain by a worm (12 damage)
             ... on level 2 of the Dungeon.
             The game lasted 00:13:22 (1600 turns).

Ishamoridin the Insei (Vampire Monk)                Turns: 1600, Time: 00:13:23

Health: -4/28      AC:  0    Str:  5    XL:     3   Next: 19%
Magic:  3/3        EV: 23    Int: 12    God:    Ashenzari [**....]
Gold:   75         SH:  3    Dex: 20    Spells: 0 memorised, 2 levels left

rFire  . . .     SeeInvis +       - Unarmed
rCold  + . .     Gourm    .     (armour currently unavailable)
rNeg   + + .     Faith    .     (shield currently unavailable)
rPois  +         Spirit   .     (helmet currently unavailable)
rElec  .         Dismiss  .     (cloak currently unavailable)
rCorr  .         Reflect  +     (gloves currently unavailable)
SustAt .         Harm     .     (boots currently unavailable)
MR     .....                    h - +3 amulet of reflection
Stlth  +++.......               (ring currently unavailable)
                                (ring currently unavailable)

@: bat-form, flying, very slightly contaminated, regenerating slowly, very
quick, not resistant to hostile enchantments, fairly stealthy
A: fangs 3, (horns 0), see invisible, clumsy 1, (unbreathing), MP-powered wands
a: End Transformation, Scrying, Renounce Religion


You were on level 2 of the Dungeon.
You worshipped Ashenzari.
Ashenzari was pleased with you.
You were thirsty.
You were in vampire-bat-form.
You visited 1 branch of the dungeon, and saw 2 of its levels.

You collected 75 gold pieces.

Inventory:

Hand Weapons
 c - a +0 dagger
 d - a cursed -1 club
 f - a +0 dagger
 i - a cursed -2 whip (melded)
 j - a +0 club
 o - a +0 club
 q - a +0 whip
 r - a +0 club
Missiles
 e - 2 tomahawks (quivered)
 g - 16 stones
 p - 18 poisoned needles
Armour
 a - a +0 robe
 k - a +0 robe
 l - a +0 ring mail (melded)
Jewellery
 h - a +3 amulet of reflection (around neck)
Potions
 b - 14 potions of blood
 n - a potion of mutation
Comestibles
 m - 2 chunks of flesh


   Skills:
 * Level 2.9 Fighting
 * Level 0.4 Short Blades
 - Level 0.1(0.4) Maces & Flails
 * Level 4.1 Dodging
 * Level 3.1 Stealth
 - Level 4.6 Unarmed Combat


You had 2 spell levels left.
You didn't know any spells.

Dungeon Overview and Level Annotations

Branches:
Dungeon (2/15)

Altars:
Ashenzari


Innate Abilities, Weirdness & Mutations

You heal slowly.
You have razor-sharp teeth.
You have supernaturally acute eyesight.
((You can survive without breathing.))
((You have a pair of small horns on your head.))
You are clumsy. (Dex -2)
You expend magic power (3 MP) to strengthen your wands.


Message History

The worm is moderately wounded.
You completely miss the worm.
The worm is moderately wounded.
The worm bites you!
You hit the worm. You bite the worm.
The worm is heavily wounded.
You hit the worm.
The worm is severely wounded.
You hit the worm.
The worm is almost dead.
The worm bites you!
* * * LOW HITPOINT WARNING * * *
You hit the worm but do no damage.
The worm is severely wounded.
You hit the worm.
The worm is almost dead.
You hit the worm but do no damage.
The worm is almost dead.
The worm bites you!
You die...

* * * * * , ,,
.# * ****.# *
** *.# ,
*####.## ## *
*#., ..... * *
.. , ...,
,...#* .#* *
#.# #.w#*, *
#.# #.#
#bl##.# , ..#
#.# #.....#
..#
#.#####.##..#
* ..#
#.......#
,.... , ..#
#..###### ,###
.## #..# * ,
.# ##..#######
.# #..........
, .#
#...#######..#


You could see a worm and a giant newt.

Vanquished Creatures
  A giant gecko (D:1)
  7 bats
  4 giant cockroaches
  5 goblins
  3 hobgoblins
  2 giant newts (D:1)
  4 kobolds
  3 rats (D:1)
29 creatures vanquished.

Notes
Turn   | Place    | Note
--------------------------------------------------------------
     0 | D:1      | Ishamoridin the Vampire Monk began the quest for the Orb.
     0 | D:1      | Reached XP level 1. HP: 17/17 MP: 1/1
    19 | D:1      | Found a shattered altar of Ashenzari.
   420 | D:1      | Reached XP level 2. HP: 8/23 MP: 2/2
   997 | D:1      | Gained mutation: You are clumsy. (Dex -2) [potion of mutation]
   997 | D:1      | Gained mutation: You have a pair of small horns on your head. [potion of mutation]
   997 | D:1      | Gained mutation: You expend magic power (3 MP) to strengthen your wands. [potion of mutation]
  1182 | D:1      | Became a worshipper of Ashenzari the Shackled
  1182 | D:1      | Reached * piety under Ashenzari
  1182 | D:1      | Reached ** piety under Ashenzari
  1395 | D:2      | Reached XP level 3. HP: 28/28 MP: 3/3
  1600 | D:2      | Slain by a worm

Vault maps used:
D:1:      minmay_arrival_up_and_down, minivault_26, nicolae_ashenzari_panopticon

Action                   || total
-------------------------++-------
Melee: Dagger            ||    19
       Whip              ||    74
       Unarmed           ||    38
Throw: Tomahawk          ||    14
       Stone             ||    11
 Abil: Bat Form          ||     1
  Use: Potion            ||     5
       Scroll            ||     2
 Stab: Sleeping          ||     7
